 Dungeon Sprint DCSS version 0.26-a0-667-g92642533e4 (webtiles) character file.

Game seed: 3224303297434558536

59117 sahdkjhfkaj the Grim Reaper (level 14, -17/121 HPs)
             Began as a Demonspawn Fighter on Oct 18, 2020.
             Was the Champion of Yredelemnul.
             Killed from afar by an electric golem (30 damage)
             ... with a bolt of lightning
             ... in the Dungeon (Sprint VII: "The Pits").
             The game lasted 00:14:16 (5134 turns).

sahdkjhfkaj the Grim Reaper (Demonspawn Fighter)    Turns: 5134, Time: 00:14:17

Health: -17/121    AC: 25    Str: 21    XL:     14   Next: 52%
Magic:  4/28       EV: 11    Int: 12    God:    Yredelemnul [******]
Gold:   0          SH: 27    Dex: 13    Spells: 13/13 levels left

rFire    + . .     SeeInvis .   u - +1 war axe (elec)
rCold    + . .     Faith    .   r - +1 tower shield
rNeg     . . .     Spirit   .   a - +2 gold dragon scales
rPois    +         Reflect  +   b - +1 hat
rElec    .         Harm     .   c - +1 cloak
rCorr    .         Rampage  .   (no gloves)
MR       ++...     NoTele   +   (no boots)
Stlth    ..........             z - amulet of reflection
HPRegen  1.30/turn              C - ring of protection from magic
MPRegen  0.21/turn              q - +3 ring of evasion

@: mighty, hasted, wreathed by umbra, silenced, very quick
A: horns 2, demonic guardian 2, powered by death 2, big brain 1
a: Renounce Religion


You were in the Dungeon.
You worshipped Yredelemnul.
Yredelemnul was exalted by your worship.
You visited 1 branch

Inventory:

Hand Weapons
 u - a +1 war axe of electrocution (weapon)
Armour
 a - +2 gold dragon scales (worn)
 b - a +1 hat (worn)
 c - a +1 cloak (worn)
 r - a +1 tower shield (worn)
Jewellery
 q - a +3 ring of evasion (right hand)
 z - an amulet of reflection (around neck)
 C - a ring of protection from magic (left hand)
Scrolls
 j - 4 scrolls of blinking
 l - 3 scrolls of remove curse
 m - 5 scrolls of amnesia
 n - a scroll of summoning
 o - 2 scrolls of vulnerability
 p - 2 scrolls of fog
 w - 6 scrolls of enchant weapon
 y - 2 scrolls of enchant armour
 B - 4 scrolls of identify
 D - a scroll of fear
Potions
 d - a potion of might {!q}
 e - 8 potions of curing {!q}
 f - 6 potions of heal wounds {!q}
 h - 3 potions of magic {!q}
 i - 9 potions of berserk rage {!q}
 k - 2 potions of invisibility {!q}
 s - a potion of stabbing {!q}
 v - 3 potions of brilliance {!q}
 x - 2 potions of resistance {!q}
Miscellaneous
 E - a lightning rod (4/4)


   Skills:
 + Level 14.8 Fighting
 * Level 18.4 Axes
 + Level 13.7 Armour
 + Level 13.5 Dodging
 * Level 17.2 Shields
 + Level 21.3 Invocations


You had 13 spell levels left.
You didn't know any spells.
Your spell library was empty.

Dungeon Overview and Level Annotations

Branches:
Dungeon (1/1)

Altars:
Ashenzari
Cheibriados
Dithmenos
Elyvilon
Fedhas
Gozag
Hepliaklqana
Kikubaaqudgha
Makhleb
Nemelex Xobeh
Okawaru
Qazlal
Ru
Sif Muna
Trog
Uskayaw
Vehumet
Wu Jian
Xom
Yredelemnul
Zin
The Shining One
Beogh
Jiyva
Lugonu

Annotations:
D Mennas


Innate Abilities, Weirdness & Mutations

You have a pair of horns on your head.
A demonic guardian rushes to your aid.
You regenerate health from kills.
You have an unusually large brain. (Int +2)


Message History

Unknown command.
Unknown command.
Unknown command.
Unknown command.
You swap places.
Your profane servitor hits the electric golem with a +2 whip. x2
The electric golem blinks!
There is an open door, spattered with blood here.
Unknown command.
You swap places.
Mennas hits your profane servitor with a +0 eudemon blade of holy wrath!!
Mennas hits your profane servitor with a +0 eudemon blade of holy wrath!
The electric golem hurls lightning at your profane servitor.
The bolt of lightning hits your profane servitor!
Your profane servitor resists.
The bolt of lightning hits your profane servitor!
Your profane servitor resists.
The bolt of lightning hits you!!
You die...
Your body rises from the dead as a mindless zombie.

#+#
##8##
#)..#
+AA.#
#)#
#A#
#@#
#z#
#D#
#n#
#D#
#n#
#z#
#n#
#.#


You could see Mennas (silencing), an electric golem, 2 friendly bone dragons, 2
friendly profane servitors, 3 friendly ghouls and 2 friendly skeletal warriors.

Vanquished Creatures
  A pearl dragon (D)
  A deep elf master archer (D)
  A fire giant (D)
  A draconian knight (D)
  An orc warlord (D)
  2 war gargoyles (D)
  A black draconian (D)
  A yellow draconian (D)
  3 yaktaur captains (D)
  3 naga warriors (D)
  3 merfolk avatars (D)
  A spriggan air mage (D)
  4 two-headed ogres (D)
  An alligator snapping turtle (D)
  A deep elf knight (D)
  A shadow wraith (D)
  A deep troll (D)
  A swamp dragon (D)
  9 orc knights (D)
  A molten gargoyle (D)
  4 yaktaurs (D)
  An efreet (D)
  A freezing wraith (D)
  2 polar bears (D)
  2 blink frogs (D)
  2 wraiths (D)
  3 yaks (D)
  A wyvern (D)
  2 floating eyes (D)
  2 swamp drakes (D)
  An eye of draining (D)
  A centaur (D)
  An ogre (D)
  3 wolves (D)
  An orc wizard (D)
  An iron imp (D)
  A mummy (D)
  2 ufetubi (D)
  2 orcs (D)
  A ball python (D)
  A bat zombie (D)
  A goblin (D)
  A hobgoblin (D)
  A quokka (D)
  2 kobolds (D)
  A quokka zombie (D)
  3 rats (D)
82 creatures vanquished.

Vanquished Creatures (collateral kills)
  A pandemonium lord (D)
  A golden dragon (D)
  A pearl dragon (D)
  Arachne (D)
  A quicksilver dragon (D)
  Gastronok (D)
  A ghost moth (D)
  An orc warlord (D)
  A war gargoyle (D)
  A black draconian (D)
  A dire elephant (D)
  A purple draconian (D)
  An eidolon (D)
  Josephine (D)
  A merfolk impaler (D)
  A naga warrior (D)
  A rakshasa (D)
  A merfolk avatar (D)
  A catoblepas (D)
  Erica (D)
  An ogre mage (D)
  A two-headed ogre (D)
  A vampire mage (D)
  2 sun demons (D)
  A fire crab (D)
  A deep troll (D)
  A flayed ghost (D)
  A swamp dragon (D)
  A lindwurm (D)
  4 orc knights (D)
  A manticore (D)
  3 cyclopes (D)
  2 deep elf magi (D)
  2 merfolk sirens (D)
  An eye of devastation (D)
  A smoke demon (D)
  A cane toad (D)
  A komodo dragon (D)
  2 ice devils (D)
  A hellwing (D)
  3 merfolk (D)
  A guardian mummy (D)
  A troll (D)
  6 blink frogs (D)
  A tyrant leech (D)
  12 dream sheep (D)
  2 redbacks (D)
  3 wraiths (D)
  A water elemental (D)
  A hell hound (D)
  An ice beast (D)
  4 wolves (D)
  An earth elemental (D)
  2 scorpions (D)
  3 wights (D)
  A quasit (D)
  A hell rat (D)
  An adder (D)
  An ooze (D)
  A worm (D)
  2 orcs (D)
  A quokka (D)
  A giant cockroach simulacrum (D)
  2 giant cockroach zombies (D)
102 creatures vanquished.

Vanquished Creatures (others)
  2 profane servitors (D)
  2 bone dragons (D)
  3 ghouls (D)
  2 vampire knights (D)
  2 skeletal warriors (D)
  4 flayed ghosts (D)
  4 phantasmal warriors (D)
  2 wraiths (D)
  11 flying skulls (D)
  5 vampires (D)
  An ogre (D)
  A wight (D)
  A mummy (D)
40 creatures vanquished.

Grand Total: 224 creatures vanquished

Notes
Turn   | Place    | Note
-------+----------+-------------------------------------------
     0 | D        | sahdkjhfkaj the Demonspawn Fighter began the quest for the
                  | Orb.
     0 | D        | Reached XP level 1. HP: 18/18 MP: 1/1
    29 | D        | Found a bloodstained altar of Trog.
    29 | D        | Found a shimmering blue altar of Sif Muna.
    29 | D        | Found a viscous altar of Jiyva.
    29 | D        | Found a hazy altar of Hepliaklqana.
    29 | D        | Found an opulent altar of Gozag.
    30 | D        | Found a glowing golden altar of the Shining One.
    30 | D        | Found a glowing silver altar of Zin.
    30 | D        | Found a basalt altar of Yredelemnul.
    30 | D        | Found a shimmering altar of Xom.
    30 | D        | Found an ornate altar of the Wu Jian Council.
    30 | D        | Found a sacrificial altar of Ru.
    30 | D        | Found a stormy altar of Qazlal.
    30 | D        | Found an iron altar of Okawaru.
    30 | D        | Found a sparkling altar of Nemelex Xobeh.
    30 | D        | Found a burning altar of Makhleb.
    30 | D        | Found a blossoming altar of Fedhas.
    30 | D        | Found a white marble altar of Elyvilon.
    30 | D        | Found a shadowy altar of Dithmenos.
    30 | D        | Found a snail-covered altar of Cheibriados.
    31 | D        | Found a radiant altar of Vehumet.
    31 | D        | Found a corrupted altar of Lugonu.
    31 | D        | Found a roughly hewn altar of Beogh.
    32 | D        | Found an ancient bone altar of Kikubaaqudgha.
    32 | D        | Found a hide-covered altar of Uskayaw.
    32 | D        | Found a broken altar of Ashenzari.
    36 | D        | Became a worshipper of Yredelemnul the Dark
   237 | D        | Reached * piety under Yredelemnul
   237 | D        | Reached skill level 1 in Dodging
   237 | D        | Gained mutation: You regenerate a little health from kills.
                  | [demonic ancestry]
   237 | D        | Reached XP level 2. HP: 24/24 MP: 2/2
   245 | D        | Noticed a floating eye
   246 | D        | Noticed a floating eye
   248 | D        | Paralysed by a floating eye for 2 turns
   251 | D        | Paralysed by a floating eye for 3 turns
   254 | D        | Killed a floating eye
   254 | D        | Reached skill level 5 in Shields
   254 | D        | Gained mutation: You have a pair of small horns on your
                  | head. [demonic ancestry]
   254 | D        | Reached XP level 3. HP: 14/31 MP: 3/3
   254 | D        | Gained mutation: A weak demonic guardian rushes to your
                  | aid. [demonic ancestry]
   254 | D        | Reached XP level 4. HP: 17/38 MP: 4/4
   254 | D        | Reached ** piety under Yredelemnul
   255 | D        | Killed a floating eye
   255 | D        | Reached skill level 5 in Fighting
   255 | D        | Reached XP level 5. HP: 24/44 MP: 5/5
   393 | D        | Noticed a centaur
   400 | D        | Reached *** piety under Yredelemnul
   411 | D        | Killed a centaur
   411 | D        | Reached skill level 5 in Armour
   411 | D        | Reached XP level 6. HP: 33/52 MP: 6/6
   420 | D        | Reached **** piety under Yredelemnul
   547 | D        | Received a gift from Yredelemnul (a mummy)
   683 | D        | Received a gift from Yredelemnul (2 flying skulls)
   698 | D        | Reached ***** piety under Yredelemnul
   759 | D        | Noticed Gastronok
   760 | D        | Reached skill level 5 in Dodging
   760 | D        | Gained mutation: You regenerate health from kills. [demonic
                  | ancestry]
   760 | D        | Reached XP level 7. HP: 59/59 MP: 7/7
   760 | D        | Received a gift from Yredelemnul (4 flying skulls)
   773 | D        | Received a gift from Yredelemnul (a wight)
   784 | D        | Received a gift from Yredelemnul (a wraith)
   784 | D        | Received a gift from Yredelemnul (a vampire)
   794 | D        | Killed Gastronok
   794 | D        | Reached skill level 10 in Shields
   794 | D        | Reached XP level 8. HP: 54/68 MP: 8/8
  1152 | D        | Noticed a polar bear
  1152 | D        | Noticed Erica
  1159 | D        | Killed a polar bear
  1159 | D        | Reached skill level 10 in Axes
  1159 | D        | Received a gift from Yredelemnul (a phantasmal warrior)
  1165 | D        | Killed Erica
  1165 | D        | Reached XP level 9. HP: 75/75 MP: 9/9
  1170 | D        | Noticed a merfolk siren
  1170 | D        | Noticed a guardian mummy
  1176 | D        | Killed a guardian mummy
  1177 | D        | Received a gift from Yredelemnul (a wraith)
  1178 | D        | Killed a merfolk siren
  1292 | D        | Noticed a deep elf mage
  1292 | D        | Noticed a polar bear
  1293 | D        | Noticed a hellwing
  1299 | D        | Killed a deep elf mage
  1301 | D        | Killed a polar bear
  1301 | D        | Reached ****** piety under Yredelemnul
  1304 | D        | Killed a hellwing
  1447 | D        | Received a gift from Yredelemnul (5 flying skulls)
  1453 | D        | Noticed a merfolk siren
  1458 | D        | Received a gift from Yredelemnul (a vampire)
  1466 | D        | Noticed a manticore
  1469 | D        | Killed a merfolk siren
  1469 | D        | Reached XP level 10. HP: 83/83 MP: 10/10
  1474 | D        | Killed a manticore
  1475 | D        | Received a gift from Yredelemnul (a flayed ghost)
  1480 | D        | Noticed a catoblepas
  1480 | D        | Noticed a deep troll
  1480 | D        | Noticed a merfolk avatar
  1487 | D        | Noticed a cyclops
  1493 | D        | Killed a catoblepas
  1494 | D        | Received a gift from Yredelemnul (a skeletal warrior)
  1504 | D        | Killed a merfolk avatar
  1504 | D        | Reached skill level 10 in Fighting
  1505 | D        | Killed a deep troll
  1506 | D        | Killed a cyclops
  1507 | D        | Received a gift from Yredelemnul (a phantasmal warrior)
  1619 | D        | Noticed a cyclops
  1624 | D        | Killed a cyclops
  1625 | D        | Received a gift from Yredelemnul (a vampire knight)
  1631 | D        | Received a gift from Yredelemnul (a vampire)
  1744 | D        | Noticed a two-headed ogre
  1744 | D        | Noticed a lindwurm
  1745 | D        | Noticed a deep elf mage
  1747 | D        | Noticed a fire crab
  1760 | D        | Reached skill level 2 in Invocations
  1760 | D        | Reached skill level 3 in Invocations
  1763 | D        | Reached skill level 4 in Invocations
  1764 | D        | Received a gift from Yredelemnul (a skeletal warrior)
  1764 | D        | Received a gift from Yredelemnul (a flayed ghost)
  1766 | D        | Killed a deep elf mage
  1766 | D        | Reached skill level 6 in Invocations
  1769 | D        | Reached skill level 7 in Invocations
  1770 | D        | Received a gift from Yredelemnul (a vampire knight)
  1771 | D        | Received a gift from Yredelemnul (a ghoul)
  1771 | D        | Received a gift from Yredelemnul (a phantasmal warrior)
  1772 | D        | Reached skill level 8 in Invocations
  1772 | D        | Reached skill level 9 in Invocations
  1773 | D        | Killed a two-headed ogre
  1773 | D        | Reached skill level 10 in Invocations
  1773 | D        | Gained mutation: A demonic guardian rushes to your aid.
                  | [demonic ancestry]
  1773 | D        | Reached XP level 11. HP: 91/91 MP: 0/18
  1773 | D        | Reached skill level 11 in Invocations
  1773 | D        | Killed a lindwurm
  1774 | D        | Received a gift from Yredelemnul (a bone dragon)
  1774 | D        | Received a gift from Yredelemnul (a ghoul)
  1774 | D        | Reached skill level 12 in Invocations
  1776 | D        | Received a gift from Yredelemnul (a vampire)
  1777 | D        | Killed a fire crab
  1777 | D        | Reached skill level 13 in Invocations
  1778 | D        | Received a gift from Yredelemnul (a vampire)
  2156 | D        | Received a gift from Yredelemnul (a profane servitor)
  2158 | D        | Reached skill level 14 in Invocations
  2166 | D        | Noticed Josephine
  2172 | D        | Reached skill level 15 in Invocations
  2174 | D        | Killed Josephine
  2176 | D        | Received a gift from Yredelemnul (a vampire knight)
  2176 | D        | Reached skill level 16 in Invocations
  2274 | D        | Noticed a vampire mage
  2284 | D        | Killed a vampire mage
  2285 | D        | Received a gift from Yredelemnul (a vampire knight)
  2285 | D        | Received a gift from Yredelemnul (a flayed ghost)
  2403 | D        | Reached skill level 17 in Invocations
  2551 | D        | Noticed Arachne
  2554 | D        | Received a gift from Yredelemnul (a flayed ghost)
  2562 | D        | Killed Arachne
  2562 | D        | Reached skill level 19 in Invocations
  2564 | D        | Killed an orc knight
  2565 | D        | Received a gift from Yredelemnul (a ghoul)
  2568 | D        | Received a gift from Yredelemnul (a ghoul)
  2580 | D        | Noticed Uxza the pandemonium lord
  2598 | D        | Killed Uxza the pandemonium lord
  2598 | D        | Reached skill level 10 in Armour
  2598 | D        | Gained mutation: You have an unusually large brain. (Int
                  | +2) [demonic ancestry]
  2598 | D        | Reached XP level 12. HP: 99/99 MP: 25/25
  2706 | D        | Noticed a quicksilver dragon
  2717 | D        | Killed a quicksilver dragon
  2718 | D        | Received a gift from Yredelemnul (a skeletal warrior)
  3076 | D        | Noticed a two-headed ogre
  3076 | D        | Noticed a two-headed ogre
  3077 | D        | Noticed a yaktaur captain
  3077 | D        | Noticed an orc warlord
  3077 | D        | Noticed an orc warlord
  3077 | D        | Noticed a fire giant
  3078 | D        | Noticed a two-headed ogre
  3078 | D        | Noticed a yaktaur captain
  3078 | D        | Noticed a two-headed ogre
  3078 | D        | Noticed a naga warrior
  3080 | D        | Reached skill level 10 in Dodging
  3080 | D        | Received a gift from Yredelemnul (a vampire knight)
  3080 | D        | Noticed a rakshasa
  3080 | D        | Noticed a naga warrior
  3080 | D        | Noticed a yaktaur captain
  3081 | D        | Killed a two-headed ogre
  3081 | D        | Killed a two-headed ogre
  3081 | D        | Killed a two-headed ogre
  3081 | D        | Reached skill level 20 in Invocations
  3081 | D        | Received a gift from Yredelemnul (a ghoul)
  3081 | D        | Received a gift from Yredelemnul (a skeletal warrior)
  3081 | D        | Received a gift from Yredelemnul (a ghoul)
  3081 | D        | Received a gift from Yredelemnul (a vampire)
  3083 | D        | Killed a fire giant
  3083 | D        | Noticed an ogre mage
  3084 | D        | Killed a two-headed ogre
  3084 | D        | Killed an orc warlord
  3084 | D        | Reached skill level 15 in Axes
  3084 | D        | Reached skill level 15 in Shields
  3084 | D        | Reached XP level 13. HP: 108/108 MP: 20/27
  3084 | D        | Received a gift from Yredelemnul (a profane servitor)
  3084 | D        | Received a gift from Yredelemnul (a bone dragon)
  3084 | D        | Received a gift from Yredelemnul (a phantasmal warrior)
  3084 | D        | Received a gift from Yredelemnul (a vampire knight)
  3084 | D        | Received a gift from Yredelemnul (a profane servitor)
  3084 | D        | Received a gift from Yredelemnul (a bone dragon)
  3084 | D        | Killed an orc warlord
  3086 | D        | Received a gift from Yredelemnul (a vampire)
  3087 | D        | Received a gift from Yredelemnul (a vampire knight)
  3087 | D        | Received a gift from Yredelemnul (a phantasmal warrior)
  3087 | D        | Received a gift from Yredelemnul (a vampire)
  3444 | D        | Received a gift from Yredelemnul (a phantasmal warrior)
  3444 | D        | Received a gift from Yredelemnul (a phantasmal warrior)
  3459 | D        | Found the +9 staff of Olgreb {rPois∞}
  3629 | D        | Noticed a dire elephant
  3629 | D        | Noticed a war gargoyle
  3629 | D        | Noticed a black draconian
  3629 | D        | Noticed an eidolon
  3640 | D        | Killed a war gargoyle
  3646 | D        | Killed a dire elephant
  3649 | D        | Killed an eidolon
  3652 | D        | Killed a black draconian
  3925 | D        | Received a gift from Yredelemnul (a bone dragon)
  3925 | D        | Received a gift from Yredelemnul (a profane servitor)
  3925 | D        | Received a gift from Yredelemnul (a skeletal warrior)
  3931 | D        | Noticed a purple draconian
  3935 | D        | Noticed a war gargoyle
  3944 | D        | Killed a war gargoyle
  3954 | D        | Received a gift from Yredelemnul (a flayed ghost)
  3957 | D        | Received a gift from Yredelemnul (a skeletal warrior)
  3959 | D        | Killed a ghost moth
  3963 | D        | Killed a purple draconian
  3975 | D        | Killed a merfolk impaler
  3975 | D        | Gained mutation: You have a pair of horns on your head.
                  | [demonic ancestry]
  3975 | D        | Reached XP level 14. HP: 119/119 MP: 6/28
  4087 | D        | Found the +7 Kryia's mail coat {PotionHeal*2 rC+}
  4114 | D        | Received a gift from Yredelemnul (a ghoul)
  4336 | D        | Noticed a golden dragon
  4342 | D        | Killed a golden dragon
  4443 | D        | Noticed a yellow draconian knight
  4454 | D        | Killed a yellow draconian knight
  4582 | D        | Noticed a pearl dragon
  4600 | D        | HP: 1/120 [pearl dragon/blast of cleansing flame (33)]
  4608 | D        | Killed a pearl dragon
  4989 | D        | Received a gift from Yredelemnul (a flayed ghost)
  5081 | D        | Noticed Mennas
  5081 | D        | Noticed a deep elf master archer
  5081 | D        | Noticed an electric golem
  5081 | D        | Noticed a war gargoyle
  5081 | D        | Noticed a pearl dragon
  5086 | D        | Killed a deep elf master archer
  5086 | D        | Reached skill level 21 in Invocations
  5116 | D        | Killed a pearl dragon
  5116 | D        | Received a gift from Yredelemnul (a skeletal warrior)
  5123 | D        | Killed a war gargoyle
  5123 | D        | Received a gift from Yredelemnul (a skeletal warrior)
  5134 | D        | Killed from afar by an electric golem

Illustrated notes

Levels and vault maps discovered:
D:        pitsprint [storerooms_1, entrance_room_1, metal_vault_2, armoury_3,
          mini_pit_1, grid_room_1, main_hall_1, silver_pit, the_coven_3,
          the_vestibule_1, steel_vault_4, golden_pit, hallway_of_sentries,
          crystal_vault_4, iron_vault_2, final_vault]

Skill      XL: |  1  2  3  4  5  6  7  8  9 10 11 12 13 14 |
---------------+-------------------------------------------+-----
Axes           | 2 4 6 7 9 10 11 12 13 15 17 18 | 18.4
Shields        | 3 5 6 7 10 11 12 13 15 16 17 | 17.2
Armour         | 3 4 5 7 8 9 10 11 12 13 | 13.7
Dodging        | 1 2 3 4 5 6 7 8 9 11 12 13 | 13.5
Fighting       | 4 5 6 8 9 10 12 13 14 | 14.8
Invocations    | 10 19 20 21 | 21.3

Action                   |  1- 3 |  4- 6 |  7- 9 | 10-12 | 13-15 || total
-------------------------+-------+-------+-------+-------+-------++-------
Melee: War axe           |    19 |    50 |    42 |    67 |   146 ||   324
       Headbutt          |       |     7 |    13 |    13 |    42 ||    75
Invok: Drain Life        |       |       |       |    11 |    19 ||    30
       Injury Mirror     |       |       |       |       |     1 ||     1
       Recall Undead Sla |       |       |       |       |     1 ||     1
Evoke: Lightning rod     |       |       |       |       |     2 ||     2
  Use: Potion            |       |       |       |     2 |    10 ||    12
 Stab: Distracted        |       |       |     2 |     3 |       ||     5
       Petrified         |       |       |       |     7 |       ||     7
       Confused          |       |       |       |       |     1 ||     1
Armor: Scale mail        |    15 |     1 |       |       |       ||    16
       Chain mail        |       |    20 |    25 |    30 |       ||    75
       Gold dragon scale |       |       |       |       |    76 ||    76
Dodge: Dodged            |     6 |    13 |    24 |    46 |    34 ||   123
Block: Kite shield       |    16 |    31 |    37 |    62 |     8 ||   154
       Tower shield      |       |       |       |       |   161 ||   161
       Reflection        |       |       |       |       |     2 ||     2

Table legend: (Time is in decaauts)
 A = Elapsed time spent in this place.
 B = Non-inter-level travel time spent in this place.
 C = Inter-level travel time spent in this place.
 D = Time resting spent in this place.
 E = Time spent auto-exploring this place.
 F = Levels seen in this place.
 G = Mean time per level.
                   A        B        C        D        E       F      G
               +--------+--------+--------+--------+--------+-----+--------+
         Total |   5140 |   4846 |    294 |   3524 |      0 |   1 | 5140.0 |
       Dungeon |   5140 |   4846 |    294 |   3524 |      0 |   1 | 5140.0 |
               +--------+--------+--------+--------+--------+-----+--------+

Top non-repeatable levels by time:
       D: 5140 daAuts
